 Dungeon Crawl Stone Soup version 0.28-a0-43-g560ac104fe (webtiles) character file.

Game seed: 17810752543753266590

545039 robertstho the Archmage (level 27, -17/164 HPs)
             Began as a Djinni Fire Elementalist on July 27, 2021.
             Was an Initiate of Gozag.
             Killed from afar by a purple draconian (49 damage)
             ... with a bolt of dispelling energy
             ... in a wizard's laboratory on July 28, 2021.
             The game lasted 03:04:26 (76798 turns).

robertstho the Archmage (Djinni Fire Elementalist) Turns: 76798, Time: 03:04:26

Health: -17/164    AC: 20    Str:  7    XL:     27
Gold:   12318      EV: 19    Int: 41    God:    Gozag SH: 15 Dex: 20

rFire   + + +      SeeInvis +   T - +5 long sword of a bazaar {vorpal, rPois Int+5 SInv}
rCold   . . .      Faith    .   a - +3 kite shield {rC+ rF+}
rNeg    + + .      Spirit   .   h - quicksilver dragon scales
rPois   ∞          Reflect  .   U - +2 hat {Will+}
rElec   +          Harm     .   (no cloak)
rCorr   .          Rampage  .   W - +2 pair of gloves {Dex+3}
Will    +++++                   (boots unavailable)
Stlth   ++++......              l - amulet "Homair" {Acrobat Regen+ MP-9 Int+5 Stlth+}
HPRegen 1.37/turn               H - ring "Arerphyil" {rElec rN+ Int+4}
MPRegen 0.00/turn               A - ring of Mutualism {rN+ Will+ EV+4}

@: gold aura, flying, studying Bows
A: sickness immunity, fire resistance 2, cold vulnerability 1, float, innate
caster, hp casting, extra vitality 1
}: 3/15 runes: serpentine, barnacled, silver
a: Renounce Religion, Potion Petition, Call Merchant, Bribe Branch


You were in a wizard's laboratory.
You worshipped Gozag.
Gozag was extremely pleased with you.
You visited 10 branches of the dungeon, and saw 45 of its levels.
You visited 1 bazaar.
You also visited: Gauntlet and Wizlab.

You collected 26668 gold pieces.
You spent 3871 gold pieces at shops.
You paid 10479 gold pieces to Gozag.

Inventory:

Hand Weapons
 e - the +0 quick blade of Detzy {flame, +Blink Str+4 Int+2}
   (You acquired it on level 6 of the Dungeon)

   It burns those it strikes, dealing additional fire damage.
   Str:       It affects your strength (+4).
   Int:       It affects your intelligence (+2).
   +Blink:    It lets you blink.
 G - a +8 demon blade of freezing
 T - the +5 long sword of a bazaar (weapon) {vorpal, rPois Int+5 SInv}
   (You found it on level 1 of the Snake Pit)

   It inflicts extra damage upon your enemies.
   Int:       It affects your intelligence (+5).
   rPois:     It protects you from poison.
   SInv:      It lets you see invisible.
Armour
 a - a +3 kite shield of resistance (worn)
 h - quicksilver dragon scales (worn)
 u - the +3 kite shield "Difosu" {rElec rC+ Int+4 Dex+4}
   (You acquired it on level 6 of the Dungeon)

   Int:       It affects your intelligence (+4).
   Dex:       It affects your dexterity (+4).
   rC:        It protects you from cold.
   rElec:     It insulates you from electricity.
 U - a +2 hat of willpower (worn)
 W - a +2 pair of gloves of dexterity (worn)
Jewellery
 l - the amulet "Homair" (around neck) {Acrobat Regen+ MP-9 Int+5 Stlth+}
   (You acquired it on level 6 of the Dungeon)

   [amulet of the acrobat]

   It increases your evasion while moving and waiting.
   Int:       It affects your intelligence (+5).
   MP:        It affects your magic capacity (-9).
   Regen:     It increases your rate of health regeneration.
   Stlth:     It makes you more stealthy.
 v - the ring "Taodaem" {Contam rC+++ MP+9 Int+3 Dex+6}
   (You took it off a deep elf high priest on level 3 of the Elven Halls)

   [ring of dexterity]

   Int:       It affects your intelligence (+3).
   Dex:       It affects your dexterity (+6).
   rC:        It renders you almost immune to cold.
   MP:        It affects your magic capacity (+9).
   Contam:    It causes magical contamination when unequipped.
 x - an amulet of regeneration
 A - the ring of Mutualism (right hand) {rN+ Will+ EV+4}
   (You took it off a deep elf death mage on level 3 of the Elven Halls)

   [ring of evasion]

   EV:        It affects your evasion (+4).
   rN:        It protects you from negative energy.
   Will:      It increases your willpower.
 H - the ring "Arerphyil" (left hand) {rElec rN+ Int+4}
   (You found it in a Gauntlet)

   [ring of positive energy]

   Int:       It affects your intelligence (+4).
   rElec:     It insulates you from electricity.
   rN:        It protects you from negative energy.
 I - the ring "Beri" {Fly rN+ Int+4}
   (You found it in a Gauntlet)

   [ring of flight]

   Int:       It affects your intelligence (+4).
   rN:        It protects you from negative energy.
   Fly:       It grants you flight.
 N - a ring of resist corrosion
 Q - an amulet of reflection
 Z - the ring "Telisuq" {rF+ Will- rCorr Dex+4}
   (You found it on level 3 of the Crypt)

   [ring of protection from fire]

   Dex:       It affects your dexterity (+4).
   rF:        It protects you from fire.
   rCorr:     It protects you from acid and corrosion.
   Will:      It decreases your willpower.
Wands
 c - a wand of mindburst (38)
 m - a wand of iceblast (111)
 F - a wand of acid (32)
 R - a wand of digging (9)
Scrolls
 b - 6 scrolls of magic mapping
 f - 6 scrolls of enchant armour
 g - 4 scrolls of summoning
 j - 6 scrolls of immolation
 k - 9 scrolls of fog
 o - 28 scrolls of identify
 p - 3 scrolls of enchant weapon
 r - 4 scrolls of fear
 t - 12 scrolls of teleportation
 y - 3 scrolls of holy word
 z - 2 scrolls of brand weapon
 Y - 3 scrolls of blinking
Potions
 d - a potion of heal wounds
 i - 5 potions of brilliance
 n - 9 potions of haste
 q - 2 potions of resistance
 s - 6 potions of curing
 w - 5 potions of cancellation
 J - 6 potions of might
 K - a potion of invisibility
 L - 5 potions of berserk rage
 M - 5 potions of mutation
 P - 6 potions of attraction
Miscellaneous
 B - a phantom mirror
 C - a lightning rod (4/4)
 E - a box of beasts
 O - a condenser vane
 S - a tin of tremorstones (2/2)


   Skills:
 + Level 6.6 Fighting
 + Level 2.6(3.1) Short Blades
 + Level 2.1(2.8) Long Blades
 + Level 15.1 Armour
 + Level 10.5 Dodging
 + Level 7.4 Stealth
 + Level 13.0 Shields
 O Level 27 Spellcasting


You couldn't memorise any spells.
You knew the following spells:

 Your Spells              Type           Power      Damage    Failure   Level
a - Foxfire               Conj/Fire      100%       2x1d9     0%          1
b - Conjure Flame         Conj/Fire      100%       6-21      0%          3
c - Inner Flame           Hex/Fire       100%       N/A       0%          3
d - Sticky Flame          Conj/Fire      100%       2d11      0%          4
e - Fireball              Conj/Fire      67%        3d25      0%          5
f - Apportation           Tloc           100%       N/A       0%          1
g - Passwall              Tmut/Erth      100%       N/A       0%          2
h - Corpse Rot            Necr/Air       N/A        N/A       0%          2
i - Summon Guardian Gole  Hex/Summ       100%       N/A       0%          3
j - Lee's Rapid Deconstr  Erth           67%        3d32*     0%          5
k - Blade Hands           Tmut           67%        N/A       0%          5
l - Dispersal             Tloc           67%        N/A       0%          6
m - Iron Shot             Conj/Erth      67%        9d12      0%          6
n - Eringya's Noxious Bo  Tmut/Pois      67%        N/A       0%          6
o - Summon Hydra          Summ           67%        N/A       0%          7
p - Discord               Hex            67%        N/A       1%          8
q - Disjunction           Tloc           67%        N/A       1%          8
r - Shatter               Erth           67%        3d50*     1%          9
Your spell library was empty.

Dungeon Overview and Level Annotations

Branches:
Dungeon (15/15)            Temple (1/1) D:7            Lair (6/6) D:10
 Shoals (4/4) Lair:2        Snake (4/4) Lair:4        Slime (0/5) Lair:6
    Orc (2/2) D:11            Elf (3/3) Orc:2        Vaults (5/5) D:13
  Crypt (3/3) Vaults:2       Tomb (0/3) Crypt:3      Depths (2/5) D:15
 WizLab (1/1)             Gauntlet (visited)

Altars:
Cheibriados
Elyvilon
Fedhas
Gozag
Kikubaaqudgha
Okawaru
Qazlal
Vehumet
Zin
Beogh
Jiyva

Shops:
D:6 (=**?   D:14 *   D:15 *   Orc:1 *   Orc:2 (:??   Elf:3 :   Shoals:1 *
Shoals:3 !   Vaults:5 *   Depths:1 [*?

Portals:
Hell: Depths:1
Pandemonium: Depths:1
Trove: D:10 (give 14 scrolls of teleportation)

Annotations:
Shoals:3 1 runed translucent door, Wuang's ghost, adept DEFE
Shoals:4 3 runed translucent doors, jejorda2's ghost, adept MfBe
Depths:2 3 runed translucent doors


Innate Abilities, Weirdness & Mutations

You are immune to sickness and miasma.
You are immune to poison.
Your flesh is very heat resistant. (rF++)
You are vulnerable to cold. (rC-)
You float through the air rather than walking.
You learn spells naturally, not from books.
Your magical power is your life essence.
You have superior vitality. (+4 HP)


Message History

Ka-crash!
You hear a roar!
The purple draconian is distracted by your dazzling golden aura.
Casting: Shatter (dangerous; 1% risk of failure)
Confirm with . or Enter, or press ? or * to list all spells.
The dungeon rumbles!
The purple draconian is no longer distracted by gold.
The purple draconian roars!
The purple draconian is moderately wounded.
Ka-crash!
Casting: Shatter (dangerous; 1% risk of failure)
Confirm with . or Enter, or press ? or * to list all spells.
The dungeon rumbles!
The purple draconian is severely wounded.
Ka-crash!
You hear a roar!
The purple draconian breathes dispelling energy at you.
The bolt of dispelling energy hits you!!!
Casting: Shatter (dangerous; 1% risk of failure)
Confirm with . or Enter, or press ? or * to list all spells.
The dungeon rumbles!
You kill the purple draconian!
* * * LOW HITPOINT WARNING * * *
A purple draconian comes into view. It is wielding a +0 long sword.
Unknown command.
Casting: Shatter (dangerous; 1% risk of failure)
Confirm with . or Enter, or press ? or * to list all spells.
The dungeon rumbles!
The purple draconian is heavily wounded.
* * * LOW HITPOINT WARNING * * *
The purple draconian breathes dispelling energy at you.
The bolt of dispelling energy misses you.
Casting: Shatter (dangerous; 1% risk of failure)
Confirm with . or Enter, or press ? or * to list all spells.
The dungeon rumbles!
The purple draconian is severely wounded.
Ka-crash!
* * * LOW HITPOINT WARNING * * *
The purple draconian breathes dispelling energy at you.
The bolt of dispelling energy hits you!!!
You die...
Your body crumbles into a pile of gold.

. +........}.....
....d#. #........#.....
..$$...##...............
.........#..............
§..$..........#.........
........................
§......#................
.....................)..
§......@....#..#........
§..$....$...§§.#........
..§.........§...........
.............§.§§§......
.........§.§....§§......
.......§§.§...§§§.......
.......§..§§§§§§§.......
........§.§.§§.§§.......
###...#......§§####....


You could see a purple draconian (catching breath).

Vanquished Creatures
  A dread lich (Vaults:5)
  2 ancient liches
  Frederick (Vaults:3)
  Boris (twice) (Crypt:1 Depths:1)
  Bai Suzhen (Shoals:3)
  Vashnia (Snake:4)
  Margery (Vaults:3)
  A golden dragon (Vaults:5)
  A bone dragon (Crypt:3)
  A shard shrike zombie (Crypt:2)
  3 liches (Crypt:3)
  2 tentacled monstrosities (Vaults:5)
  6 deep elf master archers (Elf:3)
  2 titans (Vaults:5)
  A quicksilver dragon (Vaults:5)
  3 deep elf blademasters
  2 krakens (Shoals:3)
  Polyphemus (Shoals:3)
  7 sphinxes
  An ancient champion (Crypt:1)
  Agnes (Elf:1)
  4 shadow dragons
  Kirke (Shoals:2)
  Frances (Shoals:2)
  2 tengu reavers
  Donald (Vaults:3)
  5 nagarajas
  2 frost giants (Vaults:5)
  2 fire giants (Vaults:5)
  3 revenants
  An iron dragon (Vaults:5)
  12 vault wardens
  6 deep elf sorcerers (Elf:3)
  4 orc warlords
  A curse skull (Crypt:3)
  23 ironbound preservers
  4 war gargoyles
  14 very ugly things
  5 deep elf elementalists
  A spriggan defender (Depths:1)
  4 ghouls
  7 stone giants
  An entropy weaver (Vaults:1)
  6 vampire knights
  6 dire elephants
  2 deep elf annihilators
  2 deep elf demonologists
  8 purple draconians (WizLab)
  A minotaur (Gauntlet)
  9 deep elf death magi
  A crystal guardian (Vaults:2)
  2 eidola
  7 ettins
  8 merfolk impalers
  5 merfolk javelineers
  3 jiangshi (Crypt:1)
  7 statues (WizLab)
  3 fire dragons
  A mummy priest (Crypt:3)
  Josephine (Lair:5)
  12 yaktaur captains
  6 great orbs of eyes
  21 hydras
  3 deep elf high priests
  12 vault guards
  18 naga warriors
  5 ironbound thunderhulks
  2 salamander tyrants
  2 peacekeepers
  2 boulder beetles
  5 ogre magi
  16 anacondas
  A ghost crab (Gauntlet)
  3 catoblepae
  Erolcha (D:12)
  2 merfolk avatars
  2 alligator snapping turtles
  A death knight (Crypt:1)
  An alligator (shapeshifter) (Gauntlet)
  7 ironbound frosthearts
  14 centaur warriors
  20 death yaks
  7 two-headed ogres
  3 satyrs
  2 deep troll earth magi (Vaults:5)
  8 merfolk aquamancers (Shoals:4)
  3 tengu warriors (D:14)
  A titan zombie (Crypt:2)
  4 naga sharpshooters
  4 orc high priests
  8 shock serpents (Snake:3)
  A soul eater (Crypt:1)
  7 ironbound beastmasters
  2 vampire magi (Crypt:1)
  22 deep elf knights
  12 hell knights
  3 shadow wraiths (Crypt:2)
  An iron troll (Depths:2)
  A titan skeleton (Crypt:3)
  Nergalle (Orc:2)
  4 salamander mystics
  A golden dragon zombie (Crypt:3)
  A storm dragon zombie (Crypt:2)
  A ghost moth zombie (Crypt:2)
  A storm dragon skeleton (Crypt:3)
  An iron giant zombie (Crypt:1)
  28 skeletal warriors
  2 flayed ghosts
  54 deep trolls
  16 sea snakes
  A bog body (Crypt:1)
  12 deep elf archers
  4 glowing orange brains
  17 ironbound convokers
  8 wizards
  7 naga ritualists
  7 lindwurms
  7 phantasmal warriors
  23 harpies
  3 orc knights
  27 deep elf pyromancers
  A wolf spider zombie (Crypt:2)
  2 iron dragon zombies
  10 necromancers
  A golden dragon skeleton (Crypt:3)
  A wolf spider (D:15)
  44 deep elf zephyrmancers
  7 mana vipers
  7 fauns
  10 orc sorcerers
  31 ugly things
  A frost giant zombie (Depths:2)
  23 manticores
  6 oklob plants
  16 salamanders
  9 cyclopes
  2 fire giant skeletons (Crypt:3)
  A stone giant zombie (Crypt:2)
  41 slime creatures
  A tengu skeleton (Vaults:3)
  6 elephants
  35 black mambas
  A black mamba (shapeshifter) (Gauntlet)
  A water nymph (shapeshifter) (Elf:1)
  9 naga magi
  2 frost giant skeletons
  21 vault sentinels
  2 dire elephant zombies
  2 stone giant skeletons (Crypt:3)
  5 guardian serpents
  11 merfolk sirens
  5 gargoyles
  3 water nymphs (Shoals:4)
  4 smoke demons (Crypt:3)
  A dire elephant skeleton (Crypt:3)
  14 cane toads
  A shock serpent skeleton (Crypt:3)
  A centaur skeleton (D:15)
  6 rime drakes
  2 unseen horrors
  15 komodo dragons
  17 yaktaurs
  3 freezing wraiths
  22 tengu conjurers
  A redback zombie (Crypt:1)
  9 meliai (Lair:5)
  A hydra zombie (Crypt:1)
  2 guardian mummies (Crypt:3)
  A queen bee (Lair:5)
  4 trolls
  A black draconian skeleton (Crypt:2)
  A shadow dragon simulacrum (Crypt:1)
  A catoblepas skeleton (Crypt:3)
  27 merfolk
  6 hornets
  A hydra skeleton (Crypt:1)
  5 red devils (Crypt:3)
  11 polar bears
  5 wind drakes
  A harpy skeleton (D:15)
  Grinder (D:6)
  12 snapping turtles
  An ettin zombie (Crypt:1)
  A raiju (Lair:6)
  18 blink frogs
  A meliai zombie (D:15)
  21 dream sheep
  2 air elementals
  4 shadows (Crypt:3)
  A spriggan skeleton (Depths:2)
  5 wyverns
  12 wraiths
  2 redbacks
  3 spriggans (Depths:1)
  3 hogs (Shoals:2)
  A black mamba skeleton (Crypt:2)
  An ice dragon skeleton (Crypt:3)
  13 water elementals
  45 yaks
  2 ettin skeletons
  7 fire elementals
  An ushabti (Crypt:3)
  A tyrant leech zombie (Crypt:1)
  4 basilisks
  A steam dragon (D:8)
  8 vampire mosquitoes
  A wind drake skeleton (Crypt:2)
  29 nagas
  3 acid dragons
  8 wargs
  19 hell hounds
  23 water moccasins
  Duvessa (D:6)
  A two-headed ogre skeleton (Crypt:1)
  2 sky beasts
  13 black bears
  6 small abominations (Gauntlet)
  A snapping turtle zombie (Crypt:1)
  25 orc warriors
  31 wolves
  A snapping turtle skeleton (Crypt:3)
  4 necrophages
  14 centaurs
  13 ogres
  A hog zombie (Crypt:1)
  13 bullfrogs
  2 gnoll sergeants
  7 kobold brigands
  An octopode zombie (Crypt:1)
  A salamander skeleton (Crypt:2)
  2 earth elementals (Elf:3)
  Dowan (D:6)
  2 water moccasin zombies
  A human skeleton (Vaults:3)
  A water moccasin skeleton (D:7)
  A raiju skeleton (Crypt:2)
  38 killer bees
  6 electric eels
  A howler monkey (shapeshifter) (Elf:2)
  6 howler monkeys
  A lava snake (D:7)
  A centaur zombie (D:7)
  6 hounds
  13 orc priests
  3 jellies
  A bullfrog skeleton (D:7)
  A gnoll shaman (D:6)
  5 iguanas
  37 orc wizards
  13 hell rats
  A tengu zombie (Crypt:2)
  6 mummies (Crypt:3)
  2 howler monkey zombies
  2 howler monkey skeletons
  12 gnolls
  2 adders
  A swamp drake skeleton (Crypt:1)
  2 shadow imps
  2 white imps
  An ufetubus (D:6)
  An adder skeleton (Crypt:1)
  A worm (D:5)
  A worm (shapeshifter) (Gauntlet)
  4 dart slugs
  99 orcs
  6 ball pythons
  4 bats
  A bat zombie (Crypt:2)
  2 endoplasms (D:3)
  12 goblins
  6 hobgoblins
  13 kobolds
  3 quokkas
  A frilled lizard (D:2)
  6 rats
  6 bushes (D:11)
1896 creatures vanquished.

Vanquished Creatures (collateral kills)
  Sojobo (Vaults:2)
  A tentacled monstrosity (Vaults:5)
  A lich (Vaults:5)
  2 shadow dragons (Vaults:5)
  2 tengu reavers
  A frost giant (Depths:2)
  An orc warlord (Vaults:4)
  A deep elf sorcerer (Elf:3)
  3 vault wardens
  3 ironbound preservers
  A stone giant (Depths:2)
  A very ugly thing (Vaults:5)
  2 deep elf demonologists (Vaults:5)
  A dire elephant (Vaults:2)
  2 fire dragons (Elf:3)
  A yaktaur captain (Vaults:4)
  A deep elf high priest (Vaults:5)
  21 vault guards (Vaults:5)
  A hydra (Elf:3)
  An ogre mage (Vaults:5)
  A catoblepas (Elf:3)
  2 centaur warriors (Vaults:2)
  A deep troll earth mage (Depths:2)
  A deep elf knight (Elf:2)
  A hell knight (Vaults:3)
  An iron troll (Depths:2)
  A fire crab (shapeshifter) (Vaults:5)
  4 deep trolls
  A wizard (Vaults:2)
  3 ironbound convokers (Vaults:5)
  3 harpies (Vaults:5)
  3 orc knights (Vaults:4)
  A deep elf zephyrmancer (Vaults:5)
  An ugly thing (Vaults:2)
  2 vault sentinels (Vaults:2)
  A yaktaur (Vaults:5)
  An acid dragon (shapeshifter) (Vaults:5)
  An orc wizard (Elf:3)
77 creatures vanquished.

Vanquished Creatures (others)
  An ancient lich (Vaults:5)
  A tentacled monstrosity (Vaults:5)
  A lich (Vaults:5)
  A titan (Vaults:5)
  A sphinx (Vaults:5)
  2 tengu reavers (Vaults:5)
  2 storm dragons (Vaults:5)
  A vault warden (Vaults:5)
  A frost giant (Vaults:5)
  4 ironbound preservers (Vaults:5)
  A stone giant (Vaults:5)
  A deep elf demonologist (Vaults:5)
  A very ugly thing (Vaults:5)
  4 yaktaur captains (Vaults:5)
  23 dancing weapons
  4 deep trolls (Vaults:5)
  2 harpies (Vaults:5)
  A manticore (Shoals:2)
  2 vault sentinels (Vaults:5)
  A yaktaur (Vaults:5)
  A jumping spider (Vaults:5)
  A redback (Vaults:5)
  A necrophage (D:10)
  A kobold (D:13)
  718 foxfires
  27 fungi
  133 plants
  12 tentacles (Shoals:3)
  22 withered plants
971 creatures vanquished.

Grand Total: 2944 creatures vanquished

Notes
Turn   | Place    | Note
-------+----------+-------------------------------------------
     0 | D:1      | robertstho the Djinni Fire Elementalist began the quest for
                  | the Orb.
     0 | D:1      | Reached XP level 1. HP: 15/15 MP: 0/0
   203 | D:1      | Reached XP level 2. HP: 15/21 MP: 0/0
  1142 | D:2      | Found a faded altar of an unknown god.
  1184 | D:2      | Reached skill level 3 in Spellcasting
  1184 | D:2      | Reached XP level 3. HP: 20/25 MP: 0/0
  1184 | D:2      | Learned a level 1 spell: Apportation
  1458 | D:2      | You are sucked into a shaft and drop 2 floors!
  1459 | D:4      | Noticed a scorpion
  2439 | D:3      | Reached XP level 4. HP: 9/31 MP: 0/0
  3022 | D:4      | Reached XP level 5. HP: 31/35 MP: 0/0
  3022 | D:4      | Learned a level 2 spell: Passwall
  3258 | D:4      | Reached skill level 4 in Spellcasting
  3395 | D:4      | Reached XP level 6. HP: 35/41 MP: 0/0
  4139 | D:4      | Reached skill level 5 in Spellcasting
  4139 | D:4      | Reached XP level 7. HP: 36/46 MP: 0/0
  4139 | D:4      | Learned a level 2 spell: Corpse Rot
  4764 | D:5      | Entered Level 5 of the Dungeon
  4831 | D:5      | Reached skill level 1 in Fighting
  5573 | D:5      | Reached skill level 6 in Spellcasting
  5573 | D:5      | Reached XP level 8. HP: 43/52 MP: 0/0
  6012 | D:6      | Noticed Duvessa
  6016 | D:6      | Noticed Dowan
  6023 | D:6      | Killed Duvessa
  6030 | D:6      | Killed Dowan
  6333 | D:6      | Reached skill level 7 in Spellcasting
  6472 | D:6      | Found Cuvveyj's Magic Scroll Emporium.
  6478 | D:6      | Found Hyedgh's Assorted Antiques.
  6480 | D:6      | Bought a scroll of torment for 112 gold pieces
  6480 | D:6      | Bought a scroll of blinking for 112 gold pieces
  6480 | D:6      | Bought a scroll of teleportation for 45 gold pieces
  6520 | D:6      | Bought a fizzy cyan potion for 17 gold pieces
  6520 | D:6      | Identified a scroll of acquirement
  6524 | D:6      | Acquired the +0 quick blade of Detzy {flame, +Blink Str+4
                  | Int+2}
  6650 | D:6      | Found Gaczueni's Jewellery Shop.
  6866 | D:6      | Acquired the +3 kite shield "Difosu" {rElec rC+ Int+4
                  | Dex+4}
  6872 | D:6      | Acquired the amulet "Homair" {Acrobat Regen+ MP-9 Int+5
                  | Stlth+}
  6968 | D:6      | Found Silaekloqu's Assorted Antiques.
  7051 | D:6      | Found Kabbuopp's Antique Weapon Boutique.
  7123 | D:6      | Noticed Grinder
  7142 | D:6      | Killed Grinder
  7143 | D:6      | Reached XP level 9. HP: 49/57 MP: 0/0
  7143 | D:6      | Learned a level 3 spell: Summon Guardian Golem
  7484 | D:7      | Found a staircase to the Ecumenical Temple.
  7500 | D:7      | Reached skill level 8 in Spellcasting
  7539 | Temple   | Entered the Ecumenical Temple
  7851 | D:7      | Found a glowing silver altar of Zin.
  7870 | D:7      | Noticed a hornet
  7879 | D:7      | Killed a hornet
  7880 | D:7      | Reached skill level 1 in Short Blades
  8110 | D:7      | Reached skill level 1 in Shields
  8113 | D:7      | Identified the +0 chain mail of Divine Compulsion {rF+
                  | MP+9}
  8412 | D:8      | Reached skill level 9 in Spellcasting
  8597 | D:8      | Reached XP level 10. HP: 57/64 MP: 0/0
  9540 | D:9      | Reached skill level 10 in Spellcasting
  9621 | D:9      | You are sucked into a shaft and drop 1 floor!
  9621 | D:10     | Entered Level 10 of the Dungeon
  9638 | D:10     | Noticed a deep elf pyromancer
  9641 | D:10     | Killed a deep elf pyromancer
  9683 | D:10     | Reached XP level 11. HP: 58/70 MP: 0/0
  9683 | D:10     | Learned a level 5 spell: Lee's Rapid Deconstruction
  9685 | D:10     | Reached skill level 5 in Dodging
  9840 | D:10     | Noticed a two-headed ogre
  9844 | D:10     | Killed a two-headed ogre
  9845 | D:10     | Reached skill level 11 in Spellcasting
  9926 | D:10     | Found a staircase to the Lair.
  9930 | D:10     | Reached skill level 5 in Stealth
 10043 | D:10     | Found a portal to a secret trove of treasure.
 10380 | Temple   | Became a worshipper of Gozag Ym Sagoz the Greedy
 10981 | D:11     | Found a gate leading to a gauntlet.
 10986 | Gauntlet | Entered a Gauntlet
 10986 | Gauntlet | Found a transporter.
 10986 | Gauntlet | Found a transporter.
 10986 | Gauntlet | Found a transporter.
 11000 | Gauntlet | Found a transporter.
 11001 | Gauntlet | Found a transporter.
 11009 | Gauntlet | Found a transporter.
 11009 | Gauntlet | Noticed a catoblepas
 11012 | Gauntlet | Found a transporter.
 11020 | Gauntlet | Found a transporter.
 11036 | Gauntlet | Noticed a ghost crab
 11040 | Gauntlet | Found a transporter.
 11060 | Gauntlet | Found a transporter.
 11061 | Gauntlet | Found a transporter.
 11064 | Gauntlet | Noticed a two-headed ogre
 11067 | Gauntlet | a two-headed ogre changed into an eye of devastation
 11069 | Gauntlet | Noticed a shining eye
 11069 | Gauntlet | an eye of devastation changed into a shining eye
 11071 | Gauntlet | Found a transporter.
 11117 | Gauntlet | Noticed a wolf spider
 11117 | Gauntlet | a tyrant leech changed into a wolf spider
 11148 | Gauntlet | Noticed an alligator
 11148 | Gauntlet | a wolf spider changed into an alligator
 11196 | Gauntlet | Noticed a bunyip
 11200 | Gauntlet | Identified the ring "Arerphyil" {rElec rN+ Int+4}
 11219 | Gauntlet | Noticed an alligator
 11219 | Gauntlet | a bunyip changed into an alligator
 11228 | Gauntlet | Killed an alligator
 11230 | Gauntlet | Identified the ring "Beri" {Fly rN+ Int+4}
 11301 | Gauntlet | Killed a ghost crab
 11355 | Gauntlet | Identified the +0 cloak "Vodd" {-Cast rPois rC+ rCorr}
 11370 | Gauntlet | Noticed a minotaur
 11381 | Gauntlet | Killed a minotaur
 11382 | Gauntlet | Reached skill level 12 in Spellcasting
 11382 | Gauntlet | Reached XP level 12. HP: 19/76 MP: 0/0
 11437 | Gauntlet | Identified the +0 ring mail of Supple Strength {Will+
                  | Slay+3}
 11554 | D:11     | Noticed a five-headed hydra
 11559 | D:11     | Killed a five-headed hydra
 11821 | D:11     | Noticed a two-headed ogre
 11825 | D:11     | Killed a two-headed ogre
 11863 | D:11     | Noticed a two-headed ogre
 11867 | D:11     | Killed a two-headed ogre
 11930 | D:11     | Found a staircase to the Orcish Mines.
 11942 | D:11     | Reached skill level 13 in Spellcasting
 12186 | D:6      | Bought a scroll of identify for 62 gold pieces
 12186 | D:6      | Bought a puce potion for 27 gold pieces
 12186 | D:6      | Bought a scroll of identify for 62 gold pieces
 12186 | D:6      | Bought a wand of iceblast (9) for 124 gold pieces
 12186 | D:6      | Bought a scroll of teleportation for 93 gold pieces
 12321 | Lair:1   | Entered Level 1 of the Lair of Beasts
 12452 | Lair:1   | Acquired a +2 kite shield of resistance
 12572 | Lair:1   | Reached skill level 1 in Armour
 12585 | Lair:1   | Reached XP level 13. HP: 38/81 MP: 0/0
 12585 | Lair:1   | Learned a level 5 spell: Blade Hands
 12681 | Lair:1   | Reached skill level 14 in Spellcasting
 13206 | Lair:2   | Noticed a six-headed hydra
 13208 | Lair:2   | Killed a six-headed hydra
 13272 | Lair:2   | Noticed a catoblepas
 13281 | Lair:2   | Killed a catoblepas
 13519 | Lair:2   | Noticed a boulder beetle
 13527 | Lair:2   | Killed a boulder beetle
 13603 | Lair:2   | Found a staircase to the Shoals.
 13848 | Lair:2   | Identified the -2 pair of boots "Asy Idghe" {+Inv rElec
                  | Int-5}
 13893 | Lair:2   | Reached skill level 15 in Spellcasting
 14028 | Lair:2   | Noticed a six-headed hydra
 14032 | Lair:2   | Killed a six-headed hydra
 14033 | Lair:2   | Reached XP level 14. HP: 75/87 MP: 0/0
 14904 | Lair:4   | Found a staircase to the Snake Pit.
 16266 | Lair:5   | Reached skill level 16 in Spellcasting
 16860 | Lair:5   | Reached XP level 15. HP: 52/92 MP: 0/0
 16860 | Lair:5   | Learned a level 6 spell: Dispersal
 17076 | Lair:5   | Noticed Josephine
 17081 | Lair:5   | Killed Josephine
 17654 | Lair:6   | Entered Level 6 of the Lair of Beasts
 17665 | Lair:6   | Found a staircase to the Slime Pits.
 17668 | Lair:6   | Found a viscous altar of Jiyva.
 17717 | Lair:6   | Reached skill level 17 in Spellcasting
 18767 | Lair:6   | Reached skill level 18 in Spellcasting
 18804 | Lair:6   | Reached XP level 16. HP: 93/97 MP: 0/0
 19719 | Orc:1    | Entered Level 1 of the Orcish Mines
 19861 | Orc:2    | Entered Level 2 of the Orcish Mines
 20095 | Orc:2    | Found a staircase to the Elven Halls.
 20387 | Orc:2    | Found Dasaha's Antique Weapon Shoppe.
 20435 | Orc:2    | Found Zadublia's Magic Scroll Emporium.
 20451 | Orc:2    | Bought a scroll of blinking for 135 gold pieces
 20451 | Orc:2    | Bought a scroll of identify for 36 gold pieces
 20451 | Orc:2    | Bought a scroll of identify for 36 gold pieces
 20451 | Orc:2    | Bought a scroll of identify for 36 gold pieces
 20451 | Orc:2    | Bought 3 scrolls of identify for 108 gold pieces
 20478 | Orc:2    | Noticed Nergalle
 20481 | Orc:2    | Killed Nergalle
 20503 | Orc:2    | Found Ziott's Book Emporium.
 20620 | Orc:2    | Found Ogoptet's Magic Scroll Shoppe.
 20628 | Orc:2    | Bought a scroll of teleportation for 30 gold pieces
 20628 | Orc:2    | Bought a scroll of magic mapping for 35 gold pieces
 20628 | Orc:2    | Bought a scroll of magic mapping for 35 gold pieces
 20628 | Orc:2    | Bought a scroll of fear for 35 gold pieces
 20946 | Orc:1    | Found Neh Fuom's General Store.
 21070 | Orc:1    | Reached skill level 5 in Shields
 21871 | Snake:1  | Entered Level 1 of the Snake Pit
 22068 | Snake:1  | Reached skill level 19 in Spellcasting
 22219 | Snake:1  | Identified the +5 long sword of a bazaar {vorpal, rPois
                  | Int+5 SInv}
 22710 | Snake:2  | Noticed a nagaraja
 22714 | Snake:2  | Killed a nagaraja
 22715 | Snake:2  | Reached XP level 17. HP: 83/102 MP: 0/0
 22715 | Snake:2  | Learned a level 6 spell: Iron Shot
 23066 | Snake:2  | Reached skill level 5 in Armour
 24277 | Snake:3  | Reached skill level 20 in Spellcasting
 25501 | Snake:3  | Reached XP level 18. HP: 95/108 MP: 0/0
 25657 | Snake:4  | Entered Level 4 of the Snake Pit
 26632 | Snake:4  | Noticed Vashnia
 26723 | Snake:4  | Killed Vashnia
 26724 | Snake:4  | Reached skill level 21 in Spellcasting
 26952 | Snake:4  | Got a serpentine rune of Zot
 27409 | Shoals:1 | Entered Level 1 of the Shoals
 27446 | Shoals:1 | Found a flickering gateway to a bazaar.
 27459 | Bazaar   | Entered a bazaar
 27459 | Bazaar   | Found Wasostom's Armour Boutique.
 27459 | Bazaar   | Found Necven's Weapon Shop.
 27459 | Bazaar   | Found Xapluy's Armour Shop.
 27665 | Shoals:1 | Found Vizeish's CLEARANCE SALE! EVERYTHING MUST GO!.
 30375 | Shoals:2 | Reached XP level 19. HP: 82/112 MP: 0/0
 30375 | Shoals:2 | Learned a level 6 spell: Eringya's Noxious Bog
 30376 | Shoals:2 | Noticed Frances
 30395 | Shoals:2 | Killed Frances
 31061 | Shoals:2 | Noticed Kirke
 31065 | Shoals:2 | Killed Kirke
 31161 | Shoals:3 | Noticed Bai Suzhen
 31166 | Shoals:3 | Killed Bai Suzhen
 31551 | Shoals:3 | Found Atowk's Distillery.
 31604 | Shoals:3 | Noticed Polyphemus
 31611 | Shoals:3 | Killed Polyphemus
 32185 | Shoals:3 | Bought a potion of heal wounds for 90 gold pieces
 32185 | Shoals:3 | Bought a potion of haste for 180 gold pieces
 32185 | Shoals:3 | Bought 2 potions of haste for 360 gold pieces
 32405 | D:6      | Bought a scroll of enchant armour for 142 gold pieces
 32405 | D:6      | Bought a potion of heal wounds for 95 gold pieces
 32873 | Shoals:3 | Found a runed translucent door.
 33527 | Shoals:3 | Reached skill level 22 in Spellcasting
 33861 | Shoals:3 | Noticed Wuang's ghost (adept DEFE)
 33877 | Shoals:4 | Entered Level 4 of the Shoals
 35694 | Shoals:4 | Identified the +5 chain mail of Too Many Cooks {*Corrode
                  | Int+3 Dex+5}
 35897 | Shoals:4 | Reached XP level 20. HP: 19/118 MP: 0/0
 36582 | Shoals:4 | Found a runed translucent gate.
 36582 | Shoals:4 | Found a runed translucent gate.
 36583 | Shoals:4 | Found a runed translucent gate.
 36587 | Shoals:4 | Noticed jejorda2's ghost (adept MfBe)
 36769 | Shoals:4 | Got a barnacled rune of Zot
 37780 | Elf:1    | Entered Level 1 of the Elven Halls
 39506 | Elf:1    | Noticed Agnes
 39512 | Elf:1    | Killed Agnes
 40602 | Elf:2    | Reached skill level 23 in Spellcasting
 41644 | Elf:2    | Found a runed translucent gate.
 41644 | Elf:2    | Found a runed translucent gate.
 41648 | Elf:2    | Found a runed translucent gate.
 42005 | Elf:2    | Reached XP level 21. HP: 72/123 MP: 0/0
 42005 | Elf:2    | Learned a level 7 spell: Summon Hydra
 43350 | Elf:3    | Entered Level 3 of the Elven Halls
 44942 | Elf:3    | Found Zifowes's One-of-a-Kind Books.
 46100 | Elf:3    | HP: 4/123 [deep elf master archer/arrow (25)]
 46934 | Elf:3    | Reached skill level 24 in Spellcasting
 46935 | Elf:3    | Identified the ring of Nonuh {*Slow MP+9 Str+10 Int-5 SInv}
 47224 | Elf:3    | Reached XP level 22. HP: 86/129 MP: 0/0
 47491 | Elf:3    | Identified the ring of Mutualism {rN+ Will+ EV+4} (You took
                  | it off a deep elf death mage on level 3 of the Elven Halls)
 47555 | Elf:3    | Identified the +6 falchion of Lies {spect, rElec MP+9 Str-5
                  | Stlth+}
 47555 | Elf:3    | Identified the ring "Taodaem" {Contam rC+++ MP+9 Int+3
                  | Dex+6}
 47724 | Elf:3    | Identified the +1 leather armour of Zeynluff {Harm rCorr
                  | MP-9}
 48468 | D:12     | Noticed Erolcha
 48470 | D:12     | Killed Erolcha
 49693 | D:13     | Found a gate to the Vaults.
 51151 | D:14     | Identified the +10 whip "Maczat" {vorpal, *Slow rF++ rC+}
 51651 | D:14     | Found Woluf's Assorted Antiques.
 51654 | D:14     | Bought a runed demon blade for 558 gold pieces
 51654 | D:14     | Bought 2 potions of invisibility for 496 gold pieces
 52167 | D:15     | Entered Level 15 of the Dungeon
 52701 | D:15     | Identified the +1 robe of Calculation {Slay+6}
 53084 | D:15     | Found a staircase to the Depths.
 54044 | D:15     | Bought a +2 pair of gloves of dexterity for 430 gold pieces
 54044 | D:15     | Bought a scroll of enchant weapon for 150 gold pieces
 54112 | Vaults:1 | Entered Level 1 of the Vaults
 54204 | Vaults:1 | Identified the +6 lajatang "Venib" {vorpal, Will++ Int-3
                  | Dex+4}
 56120 | Vaults:1 | Reached skill level 25 in Spellcasting
 56505 | Vaults:1 | Reached XP level 23. HP: 86/133 MP: 0/0
 56505 | Vaults:1 | Learned a level 8 spell: Discord
 57482 | Vaults:2 | Noticed Sojobo
 57487 | Vaults:2 | Killed Sojobo
 59002 | Vaults:2 | Found a staircase to the Crypt.
 61405 | Vaults:3 | Noticed Margery
 61827 | Vaults:3 | Killed Margery
 62067 | Vaults:3 | Noticed Donald
 62071 | Vaults:3 | Killed Donald
 62625 | Vaults:3 | Reached XP level 24. HP: 107/139 MP: 0/0
 62627 | Vaults:3 | Reached skill level 26 in Spellcasting
 62945 | Vaults:3 | Noticed Frederick
 66463 | Vaults:4 | Noticed an ancient lich
 66467 | Vaults:4 | Killed an ancient lich
 66468 | Vaults:4 | Reached skill level 10 in Armour
 67092 | Vaults:4 | Reached XP level 25. HP: 79/144 MP: 0/0
 67092 | Vaults:4 | Learned a level 8 spell: Disjunction
 67733 | Vaults:5 | Entered Level 5 of the Vaults
 67819 | Vaults:5 | Noticed a dread lich
 67824 | Vaults:5 | Reached skill level 27 in Spellcasting
 68513 | Vaults:5 | HP: 6/145 [frost giant/bolt of cold (10)]
 68557 | Vaults:5 | Killed a dread lich
 68562 | Vaults:5 | Noticed an ancient lich
 68577 | Vaults:5 | Killed an ancient lich
 68968 | Vaults:5 | Identified the +7 long sword "Beetlebane" {flame, +Blink
                  | rElec MP-9 Dex+10}
 69479 | Vaults:5 | Reached skill level 10 in Shields
 69479 | Vaults:5 | Noticed an ancient lich
 69484 | Vaults:5 | Killed an ancient lich
 69488 | Vaults:5 | Reached XP level 26. HP: 30/153 MP: 0/0
 69797 | Vaults:5 | Identified the +9 trident "Utash" {elec, +Rage rElec Will-
                  | Str+6}
 70149 | Vaults:5 | Identified the +5 morningstar of Maesaroz {flame, SInv}
 70514 | Vaults:5 | Got a silver rune of Zot
 70603 | Vaults:5 | Identified the +4 long sword of Premature Burial {pain,
                  | Int+8}
 70606 | Vaults:5 | Found Kuylitao's Assorted Antiques.
 70614 | Vaults:5 | Bought a potion of heal wounds for 230 gold pieces
 71116 | Vaults:3 | Killed Frederick
 71185 | Crypt:1  | Entered Level 1 of the Crypt
 71201 | Crypt:1  | Reached skill level 5 in Fighting
 71882 | Crypt:1  | Noticed Boris
 71890 | Crypt:1  | Killed Boris
 72883 | Crypt:2  | Acquired 1041 gold pieces
 73392 | Crypt:3  | Entered Level 3 of the Crypt
 74355 | Crypt:3  | Reached skill level 1 in Long Blades
 74470 | Crypt:3  | Identified the ring "Telisuq" {rF+ Will- rCorr Dex+4}
 74789 | Crypt:3  | Found the +8 Wrath of Trog {antimagic, *Rage Rampage}
 74921 | Crypt:3  | Reached XP level 27. HP: 151/162 MP: 0/0
 74921 | Crypt:3  | Learned a level 9 spell: Shatter
 75162 | Crypt:3  | Found a staircase to the Tomb.
 75223 | Crypt:3  | Identified the +3 leather armour "Qurigem" {Str+2 Int+3}
 75618 | Depths:1 | Entered Level 1 of the Depths
 75618 | Depths:1 | Found an iron altar of Okawaru.
 75621 | Depths:1 | Noticed Boris
 75625 | Depths:1 | Killed Boris
 75746 | Depths:1 | Found Ofoa's Armour Shop.
 75748 | Depths:1 | Found Haed's General Store.
 75750 | Depths:1 | Found Loffuma's Magic Scroll Shop.
 75924 | Depths:1 | Found a gateway to Hell.
 75956 | Depths:1 | Acquired 578 gold pieces
 75974 | Depths:1 | Found a one-way gate leading to the halls of Pandemonium.
 75988 | Depths:1 | Reached skill level 10 in Dodging
 76079 | Depths:1 | You are sucked into a shaft and drop 1 floor!
 76215 | Depths:2 | Upgraded the game from 0.28-a0-32-g8dfe7f97f6 to
                  | 0.28-a0-43-g560ac104fe
 76244 | Depths:2 | Found a runed translucent gate.
 76244 | Depths:2 | Found a runed translucent gate.
 76244 | Depths:2 | Found a runed translucent gate.
 76248 | Depths:2 | Found a magical portal.
 76257 | WizLab   | Entered Iskenderun's Mystic Tower
 76457 | WizLab   | Reached skill level 15 in Armour
 76798 | WizLab   | Killed from afar by a purple draconian

Illustrated notes

Levels and vault maps discovered:
D:1:      dpeg_arrival_boxorama, layout_rooms
D:2:      layout_basic, hellmonk_ecumenical_altar_leap_of_faith,
          dk_noncrumbling_3, uniq_terence, uniq_jessica
D:3:      layout_loops_ring
D:4:      layout_basic, serial_bayou_pond_b, minmay_misc_feat_chi
D:5:      layout_basic, minmay_ogre_servants
D:6:      layout_cave_pods, serial_shops, shop, nicolae_shop_stone,
          nicolae_diamond_shop, shop, shop, nrook_mini_backslash,
          corexii_corridor_pit, uniq_grinder, uniq_duvessa
D:7:      layout_loops_ring, nicolae_overflow_hidden_temple, temple_fountains,
          kennysheep_generic_room_4
D:8:      layout_loops_ring
D:9:      layout_cave_pods
D:10:     layout_cave_pools, lair_entry_dummy, nicolae_trove_entry_diagonal,
          ldierk_geyser, hangedman_stone_soup, serial_bayou_crossing
D:11:     layout_cave_pools, kennysheep_orc_monster_closet_entryway,
          serial_park, serial_park_square1 [serial_park_minivault_5x5_6],
          serial_park_tiny_1, serial_park_paths [serial_park_minivault_5x5_2],
          gauntlet_entry_generic
D:12:     layout_loops_corners, uniq_erolcha
D:13:     layout_irregular_city, david_vaults_2, corexii_hall_statues_u,
          minmay_unpleasant_kobolds
D:14:     layout_stronghold, serial_shops, nicolae_shop_behind_doors,
          water_boxes_lemuel
D:15:     grunt_enter_depths_magical_seal, layout_layer_cave
Temple:   nicolae_temple_the_god_donut
Lair:1:   layout_gridlike, serial_bayou_shore_a, grunt_megastairs_1,
          infiniplex_staircase_pool, lemuel_fruit_tree
Lair:2:   layout_regular_city, minmay_shoals_entry_lonely_mermaid
Lair:3:   dpeg_oklob_gauntlet, layout_cave_shapes
Lair:4:   layout_layer_cave, dummy_snake_entry
Lair:5:   regret_index_combs_of_tragedy, layout_small_grid, beast_lair_carwin_6,
          uniq_josephine
Lair:6:   hangedman_lair_caniforms_friends, layout_hall_layers,
          hangedman_lair_in_review, slime_altar_1, minmay_lair_oklob_chamber
Shoals:1: layout_shoals, serial_shops, bzr_entry_dummy, nicolae_shop_clearance
Shoals:2: layout_shoals, uniq_kirke, uniq_frances
Shoals:3: layout_shoals, gammafunk_ghost_grave, serial_shops, shop_statue,
          uniq_polyphemus, uniq_bai_suzhen
Shoals:4: shoals_end_simple, layout_shoals, ebering_ghost_rock_garden
Snake:1:  layout_basic
Snake:2:  layout_basic, grunt_megastairs_2
Snake:3:  layout_chambers, nicolae_snake_snakewalk
Snake:4:  grunt_snake_rune_serpentine_throne, layout_layer_cave, uniq_vashnia
Orc:1:    layout_caves, nicolae_volcano_entry_hallway, serial_shops,
          nicolae_shop_stone, minmay_orc_treasury
Orc:2:    kennysheep_orc_mage_school, layout_diamond_mine
Elf:1:    eino_elf_arrival_the_gate, layout_gridlike,
          minmay_elf_crystal_hexagon, uniq_agnes
Elf:2:    nicolae_elf_blades_splatter_lattice [grunt_blade_entry_basic],
          layout_geoelf_octagon
Elf:3:    minmay_elf_hall, layout_loops_corners, special_room
          [special_room_mythical_zoo], nicolae_rare_books
Vaults:1: nicolae_vaults_arrows, ontoclasm_vaults_claustrophobia,
          nicolae_vaults_little_squares_4, nicolae_vaults_circle_grid_a,
          v_pattern_2, vaults_room_grunt_arrival_ludios, v_rooms_5,
          vaults_room_pool, nicolae_vaults_three_branches,
          ontoclasm_vaults_fault, layout_vaults_omnigrid
Vaults:2: nicolae_vaults_little_squares_5, nicolae_vaults_an_arrangement,
          v_misc_2, grunt_vaults_focal, v_alt_pattern_2,
          grunt_vaults_hallway_short, nicolae_vaults_little_squares_3,
          layout_vaults_chaotic_city, minmay_crypt_entry_simple_plaza,
          uniq_sojobo
Vaults:3: nicolae_vaults_big_ls, v_misc_2, hangedman_vaults_nodes,
          hangedman_vaults_hat, grunt_vaults_hallway_long,
          hangedman_vaults_slice, vaults_mumra_minichess_inversion,
          ontoclasm_vaults_ring_small, nicolae_vaults_asterisk,
          layout_vaults_omnicross, uniq_frederick, uniq_donald, uniq_margery
Vaults:4: hangedman_vaults_corner_blocks, v_misc_13,
          nicolae_vaults_twisting_passages, v_misc_27,
          ontoclasm_vaults_shuriken, nicolae_vaults_know_your_exits,
          v_pattern_3, ontoclasm_vaults_eye, hangedman_vaults_river_flow,
          ontoclasm_vaults_loading_screen, nicolae_vaults_network_periphery,
          v_misc_22, layout_vaults_ring
Vaults:5
Crypt:1:  layout_basic, serial_sigils, serial_sigils_hangedman_snap,
          serial_sigils_hangedman_etch, serial_sigils_hangedman_shear,
          serial_sigils_hangedman_scratch, uniq_boris
Crypt:2:  layout_gridlike, lemuel_statue_altar, nicolae_crypt_little_mausoleum,
          roderic_lattice_octagonal_star
Crypt:3:  quadcrypt_mu
Depths:1: layout_roguey, hell_entry, okawaru_gym_becter, pan_entry,
          grunt_tough_drop, minmay_shop_star, firewood_loft
Depths:2: minmay_slanted_spiral_squares, layout_small_grid, pan_entry,
          hangedman_geh_valley, gammafunk_ghost_ooze, kennysheep_big_empty_room,
          mu_enter_wizlab_5, st_stairs_1
WizLab:   wizlab_iskenderun

Skill      XL: |  1  2  3  4  5  6  7  8  9 10 11 12 13 14 15 16 17 18 19 20 21 22 23 24 25 26 27 |
---------------+----------------------------------------------------------------------------------+-----
Spellcasting   | 3 4 5 6 7 9 10 12 13 15 16 18 19 20 21 22 23 24 25 26 27 | 27.0
Stealth        | 2 3 4 5 6 7 |  7.4
Dodging        | 3 4 5 6 8 9 10 | 10.5
Fighting       | 1 2 3 4 5 6 |  6.6
Short Blades   | 1 2 |  2.6
Shields        | 1 3 4 5 6 10 12 13 | 13.0
Armour         | 1 2 3 4 5 6 7 8 9 10 12 14 15 | 15.1
Long Blades    | 1 2 |  2.1

Action                   |  1- 3 |  4- 6 |  7- 9 | 10-12 | 13-15 | 16-18 | 19-21 | 22-24 | 25-27 || total
-------------------------+-------+-------+-------+-------+-------+-------+-------+-------+-------++-------
Melee: Dagger            |     8 |     4 |     2 |       |       |       |       |       |       ||    14
       Quick blade       |       |       |    19 |    18 |     9 |     6 |       |       |       ||    52
       Long sword        |       |       |       |       |       |       |       |    14 |     3 ||    17
 Cast: Foxfire           |    84 |    81 |   265 |    18 |       |       |       |     1 |       ||   449
       Sticky Flame      |       |     1 |     7 |    23 |    14 |     2 |     3 |     3 |     5 ||    58
       Fireball          |       |       |       |   117 |   172 |   225 |   260 |   185 |    95 ||  1054
       Lee's Rapid Decon |       |       |       |    22 |   191 |   294 |   123 |   291 |   256 ||  1177
       Summon Guardian G |       |       |       |     1 |     1 |       |       |       |       ||     2
       Dispersal         |       |       |       |       |     3 |    20 |    10 |    15 |     9 ||    57
       Iron Shot         |       |       |       |       |       |    72 |   105 |   134 |   131 ||   442
       Summon Hydra      |       |       |       |       |       |       |    17 |     3 |     2 ||    22
       Discord           |       |       |       |       |       |       |       |     5 |     9 ||    14
       Disjunction       |       |       |       |       |       |       |       |       |     4 ||     4
       Shatter           |       |       |       |       |       |       |       |       |    62 ||    62
Invok: Potion Petition   |       |       |       |       |       |       |     2 |       |    17 ||    19
       Call Merchant     |       |       |       |       |       |       |       |     1 |       ||     1
       Bribe Branch      |       |       |       |       |       |       |       |       |     1 ||     1
  Use: Scroll            |     3 |       |     7 |    11 |     5 |     8 |     2 |    11 |    12 ||    59
       Potion            |     1 |       |       |       |     1 |     4 |    10 |     2 |     8 ||    26
 Stab: Distracted        |       |       |       |     1 |       |       |       |       |       ||     1
       Sleeping          |       |       |       |     1 |       |       |       |       |       ||     1
Armor: Robe              |     7 |     5 |     9 |     5 |       |       |       |       |       ||    26
       Ring mail         |       |       |       |       |     3 |     5 |       |       |       ||     8
       Quicksilver drago |       |       |       |       |       |     1 |     3 |    15 |    20 ||    39
Dodge: Dodged            |    21 |     4 |    26 |    19 |    18 |    29 |    31 |    20 |    47 ||   215
Block: Kite shield       |       |       |    20 |    16 |    24 |    48 |    43 |    56 |    56 ||   263
       Reflection        |       |       |       |       |       |     4 |    22 |    38 |    13 ||    77
       Rpst.: Long sword |       |       |       |       |       |       |       |     1 |     2 ||     3

Table legend: (Time is in decaauts)
 A = Elapsed time spent in this place.
 B = Non-inter-level travel time spent in this place.
 C = Inter-level travel time spent in this place.
 D = Time resting spent in this place.
 E = Time spent auto-exploring this place.
 F = Levels seen in this place.
 G = Mean time per level.
                   A        B        C        D        E       F      G
               +--------+--------+--------+--------+--------+-----+--------+
         Total |  76794 |  72416 |   4378 |  10849 |  53327 |  48 | 1599.9 |
       Dungeon |  18521 |  16778 |   1743 |    918 |  14123 |  15 | 1234.7 |
        Temple |     30 |      8 |     22 |      0 |      4 |   1 |   30.0 |
          Lair |   7506 |   6662 |    844 |    374 |   5391 |   6 | 1251.0 |
        Shoals |   9775 |   9482 |    293 |   3275 |   5453 |   4 | 2443.8 |
     Snake Pit |   5479 |   5260 |    219 |    608 |   3959 |   4 | 1369.8 |
  Orcish Mines |   2349 |   2127 |    222 |    349 |   1242 |   2 | 1174.5 |
   Elven Halls |  10036 |   9739 |    297 |   1976 |   6879 |   3 | 3345.3 |
        Vaults |  17098 |  16612 |    486 |   3157 |  11829 |   5 | 3419.6 |
         Crypt |   4239 |   3993 |    246 |     56 |   3275 |   3 | 1413.0 |
        Depths |    638 |    638 |      0 |      0 |    494 |   2 |  319.0 |
        Bazaar |     74 |     74 |      0 |      0 |     56 |   1 |   74.0 |
        Wizlab |    540 |    540 |      0 |      7 |    426 |   1 |  540.0 |
      Gauntlet |    503 |    503 |      0 |    128 |    195 |   1 |  503.0 |
               +--------+--------+--------+--------+--------+-----+--------+

Top non-repeatable levels by time:
Vaults:2: 4491 daAuts
   Elf:2: 3720 daAuts
   Elf:3: 3708 daAuts
Vaults:4: 3645 daAuts
Vaults:1: 3385 daAuts
Vaults:3: 2959 daAuts
Shoals:3: 2883 daAuts
Vaults:5: 2616 daAuts
   Elf:1: 2608 daAuts
Shoals:4: 2511 daAuts
Shoals:2: 2432 daAuts
 Crypt:3: 1998 daAuts
    D:15: 1984 daAuts
Shoals:1: 1947 daAuts
  Lair:6: 1834 daAuts
